General information
- name: grudge
- type: Custom game
- host: TIMG4STRok
- saver: TIMG4STRok
map: TwistedMeadows
- players: 4
- length: 18:44
- speed: Fast
- version: 1.24 W3XP
- replay type:

» download(158 KB)
Players
team 1 (winner)

»
TIMG4STRok (
gray | 187 APM | 3507 actions | 18:44)
5 Archmage
3 Summon Water Elemental
2 Brilliance Aura
3 Mountain King
2 Storm Bolt
1 Bash
2 Pit Lord
1 Howl of Terror
1 Cleaving Attack
» actions
| Assign group hotkey | 33 | |
| Basic commands | 149 | |
| Build / train | 89 | |
| ESC pressed | 1 | |
| Enter build submenu | 26 | |
| Enter hero's abilities submenu | 10 | |
| Right click | 1499 | |
| Select / deselect | 434 | |
| Select group hotkey | 1161 | |
| Use ability | 105 | |
3507 total
» units
| Peasant | 17 | |
| Footman | 5 | |
| Goblin Zeppelin | 1 | |
| Priest | 4 | |
| Spell Breaker | 3 | |
| Knight | 4 | |
| Mortar Team | 2 | |
| Forest Troll Berserker | 1 | |
| Rifleman | 1 | |
| Sorceress | 1 | |
39 total
» upgrades
| Masonry | 1 | |
| Defend | 1 | |
| Priest Training | 2 | |
| Magic Sentry | 1 | |
| Animal War Training | 2 | |
| Lumber Harvesting | 1 | |
| Control Magic | 1 | |
| Fragmentation Shards | 1 | |
| Swords | 1 | |
| Sorceress Training | 1 | |
| Gunpowder | 1 | |
| Plating | 1 | |
14 total
» buildings
| Altar of Kings | 1 | |
| Barracks | 1 | |
| Farm | 12 | |
| Scout Tower | 5 | |
| Arcane Tower | 2 | |
| Keep | 1 | |
| Arcane Vault | 1 | |
| Lumber Mill | 1 | |
| Town Hall | 1 | |
| Guard Tower | 3 | |
| Arcane Sanctum | 2 | |
| Castle | 1 | |
| Blacksmith | 1 | |
| Workshop | 1 | |
33 total
» build order
00:07 Altar of Kings
00:15 Barracks
00:24 Farm
00:52 Farm
01:49 Farm
02:03 Scout Tower
02:34 Arcane Tower
03:03 Farm
03:42 Keep
03:45 Arcane Vault
04:17 Lumber Mill
05:16 Town Hall
05:21 Scout Tower
05:26 Scout Tower
05:50 Farm
05:52 Guard Tower
05:52 Arcane Tower
06:10 Arcane Sanctum
06:16 Arcane Sanctum
08:31 Castle
08:40 Blacksmith
09:55 Workshop
10:03 Farm
10:08 Farm
10:22 Scout Tower
10:23 Scout Tower
10:54 Guard Tower
11:13 Farm
11:14 Farm
11:30 Guard Tower
11:33 Farm
11:34 Farm
14:04 Farm
» items
| Scroll of Regeneration | 2 | |
| Dust of Appearance | 1 | |
| Scroll of Town Portal | 3 | |
| Boots of Speed | 2 | |
| Scroll of Healing | 1 | |
| Staff of Sanctuary | 1 | |
10 total
Ry-Masta-T (
yellow | 109 APM | 2035 actions | 18:43)
5 Death Knight
3 Death Coil
2 Unholy Aura
3 Lich
1 Frost Armor
2 Frost Nova
» actions
| Assign group hotkey | 80 | |
| Basic commands | 54 | |
| Build / train | 61 | |
| ESC pressed | 1 | |
| Enter build submenu | 20 | |
| Enter hero's abilities submenu | 8 | |
| Give item / drop item | 5 | |
| Remove unit from queue | 1 | |
| Right click | 897 | |
| Select / deselect | 229 | |
| Select group hotkey | 549 | |
| Use ability | 130 | |
2035 total
» units
| Acolyte | 3 | |
| Ghoul | 6 | |
| Crypt Fiend | 7 | |
| Obsidian Statue | 5 | |
| Abomination | 2 | |
| Frost Wyrm | 1 | |
24 total
» upgrades
| Burrow | 1 | |
| Destroyer Form | 1 | |
| Web | 1 | |
| Disease Cloud | 2 | |
5 total
» buildings
| Crypt | 1 | |
| Altar of Darkness | 1 | |
| Ziggurat | 8 | |
| Graveyard | 1 | |
| Tomb of Relics | 1 | |
| Nerubian Tower | 2 | |
| Halls of the Dead | 4 | |
| Slaughterhouse | 2 | |
| Black Citadel | 1 | |
| Sacrificial Pit | 1 | |
| Boneyard | 1 | |
23 total
» build order
00:09 Crypt
00:30 Altar of Darkness
00:42 Ziggurat
01:24 Graveyard
01:44 Ziggurat
02:11 Tomb of Relics
02:34 Nerubian Tower
03:28 Halls of the Dead
03:29 Halls of the Dead
03:29 Halls of the Dead
05:33 Ziggurat
06:00 Slaughterhouse
06:50 Black Citadel
08:11 Ziggurat
08:55 Ziggurat
09:22 Slaughterhouse
11:28 Sacrificial Pit
12:10 Ziggurat
13:19 Boneyard
14:53 Ziggurat
15:03 Ziggurat
» items
| Rod of Necromancy | 4 | |
| Dust of Appearance | 1 | |
| Potion of Mana | 1 | |
| Orb of Corruption | 1 | |
| Potion of Healing | 1 | |
| Scroll of Town Portal | 2 | |
| Potion of Lesser Invulnerability | 1 | |
11 total
team 2 (loser)
bLinn (
orange | 163 APM | 3046 actions | 18:43)
3 Blademaster
2 Wind Walk
1 Critical Strike
2 Shadow Hunter
1 Hex
1 Healing Wave
» actions
| Assign group hotkey | 184 | |
| Basic commands | 27 | |
| Build / train | 88 | |
| ESC pressed | 3 | |
| Enter build submenu | 20 | |
| Enter hero's abilities submenu | 5 | |
| Give item / drop item | 4 | |
| Remove unit from queue | 5 | |
| Right click | 1450 | |
| Select / deselect | 439 | |
| Select group hotkey | 680 | |
| Use ability | 141 | |
3046 total
» units
| Peon | 11 | |
| Grunt | 9 | |
| Raider | 8 | |
| Spirit Walker | 7 | |
| Kodo Beast | 3 | |
| Troll Batrider | 2 | |
40 total
» upgrades
| Berserker Strength | 1 | |
| Ensnare | 1 | |
| Spirit Walker Training | 1 | |
| Pillage | 1 | |
| Melee Weapons | 2 | |
| Armor | 2 | |
8 total
» buildings
| Altar of Storms | 1 | |
| Orc Burrow | 6 | |
| Barracks | 1 | |
| Stronghold | 2 | |
| Voodoo Lounge | 1 | |
| Beastiary | 2 | |
| Spirit Lodge | 2 | |
| War Mill | 1 | |
| Great Hall | 1 | |
17 total
» build order
00:02 Altar of Storms
00:12 Orc Burrow
00:34 Barracks
01:48 Orc Burrow
02:48 Stronghold
03:06 Voodoo Lounge
04:05 Orc Burrow
05:19 Beastiary
05:36 Spirit Lodge
07:00 Orc Burrow
08:46 War Mill
08:52 Orc Burrow
10:08 Great Hall
15:16 Spirit Lodge
15:43 Orc Burrow
17:10 Beastiary
» items
| Healing Salve | 5 | |
| Lesser Clarity Potion | 4 | |
| Scroll of Speed | 2 | |
| Boots of Speed | 1 | |
| Scroll of Town Portal | 1 | |
13 total

»
Mata. (
green | 198 APM | 3700 actions | 18:42)
3 Warden
2 Shadow Strike
1 Fan of Knives
2 Naga Sea Witch
1 Frost Arrows
1 Forked Lightning
» actions
| Assign group hotkey | 422 | |
| Basic commands | 14 | |
| Build / train | 67 | |
| Enter build submenu | 14 | |
| Enter hero's abilities submenu | 5 | |
| Give item / drop item | 1 | |
| Remove unit from queue | 2 | |
| Right click | 2074 | |
| Select / deselect | 680 | |
| Select group hotkey | 318 | |
| Use ability | 103 | |
3700 total
» units
| Wisp | 14 | |
| Archer | 7 | |
| Dryad | 8 | |
| Druid of the Claw | 7 | |
36 total
» upgrades
| Druid of the Claw Training | 2 | |
| Abolish Magic | 1 | |
| Strength of the Wild | 1 | |
4 total
» buildings
| Altar of Elders | 1 | |
| Moon Well | 6 | |
| Ancient of War | 1 | |
| Tree of Ages | 1 | |
| Hunter's Hall | 1 | |
| Ancient of Lore | 2 | |
| Ancient of Wonders | 1 | |
| Tree of Eternity | 5 | |
| Tree of Life | 1 | |
19 total
» build order
00:03 Altar of Elders
00:16 Moon Well
00:45 Ancient of War
01:41 Moon Well
02:38 Tree of Ages
03:12 Moon Well
03:55 Hunter's Hall
05:34 Ancient of Lore
05:35 Ancient of Lore
06:10 Ancient of Wonders
08:48 Tree of Eternity
08:49 Tree of Eternity
08:49 Tree of Eternity
09:29 Moon Well
13:37 Moon Well
13:40 Moon Well
15:01 Tree of Life
» items
| Staff of Preservation | 1 | |
| Scroll of Town Portal | 3 | |
| Orb of Venom | 1 | |
5 total
Chat log
(00:34 / Allies) TIMG4STRok: GONNA EXPO
(00:37 / Allies) Ry-Masta-T: kl
(03:43 / Allies) Ry-Masta-T: u need help?
(03:46 / Allies) TIMG4STRok: no
(03:47 / Allies) TIMG4STRok: creep
(03:49 / Allies) Ry-Masta-T: k
(08:05 / Allies) Ry-Masta-T: hit?
(10:42 / Allies) Ry-Masta-T: gold?
(11:11 / Allies) Ry-Masta-T: aboms?
(11:19 / Allies) TIMG4STRok: GET fiend/stat/wyrm
(11:21 / Allies) Ry-Masta-T: k
(12:34 / Allies) Ry-Masta-T: i need tp
(12:34 / Allies) Ry-Masta-T: brb
(13:06 / Allies) Ry-Masta-T: n1
(14:38 / Allies) Ry-Masta-T: im b
(15:01 / Allies) TIMG4STRok: GET invuln potion
(15:03 / Allies) TIMG4STRok: on dk
(15:35 / Allies) Ry-Masta-T: k
(16:10 / Allies) TIMG4STRok: sec
(16:11 / Allies) TIMG4STRok: hero